 Dungeon Crawl Stone Soup version 0.29-a0-885-gb26ba3297d (webtiles) character file.

Game seed: 5712983229922977733

13 Nato the Chopper (level 2, 0/27 HPs)
             Began as a Hill Orc Monk on July 21, 2022.
             Slain by a jackal (2 damage)
             ... on level 1 of the Dungeon.
             The game lasted 00:01:06 (306 turns).

Nato the Chopper (Hill Orc Monk)                     Turns: 306, Time: 00:01:06

Health: 0/27       AC:  2    Str: 13    XL:     2   Next: 37%
Magic:  2/2        EV: 12    Int: 10    God:
Gold:   0          SH:  0    Dex: 13    Spells: 1/1 levels left

rFire   . . .      SeeInvis .   a - +0 hand axe
rCold   . . .      Faith    .   (no shield)
rNeg    . . .      Spirit   .   b - +0 robe
rPois   .          Reflect  .   (no helmet)
rElec   .          Harm     .   (no cloak)
rCorr   .          Rampage  .   (no gloves)
Will    .....                   (no boots)
Stlth   ++........              (no amulet)
HPRegen 0.09/turn               (no ring)
MPRegen 0.08/turn               (no ring)

@: no status effects
A: no striking features
a: no special abilities


You were on level 1 of the Dungeon.
You visited 1 branch of the dungeon, and saw 1 of its levels.

Inventory:

Hand Weapons
 a - a +0 hand axe (weapon)
Armour
 b - a +0 robe (worn)
Scrolls
 d - a scroll of magic mapping {unknown}
 e - a scroll of teleportation {unknown}
Potions
 c - a potion of ambrosia


   Skills:
 + Level 4.1 Fighting
 + Level 4.5 Axes
 - Level 2.4 Dodging
 - Level 1.5 Stealth


You had one spell level left.
You didn't know any spells.
Your spell library contained the following spells:

 Spells                   Type           Power      Damage    Failure   Level
 Summon Guardian Golem    Hex/Summ       0%         N/A       75%         3
 Orb of Destruction       Conj           0%         9d5       100%        7
 Spellforged Servitor     Conj/Summ      0%         N/A       100%        7


Dungeon Overview and Level Annotations

Branches:
Dungeon (1/15)

Altars:

Annotations:
D:1 1 transporter


Message History

The jackal is moderately wounded.
You hit the jackal but do no damage. You closely miss the jackal.
The jackal closely misses you. The jackal bites you.
The jackal barely misses you. The jackal completely misses you.
The jackal closely misses you.
You hit the jackal.
The jackal is almost dead.
You hit the jackal but do no damage. You hit the jackal.
The jackal closely misses you.
The jackal bites you but does no damage.
The jackal bites you.
The jackal bites you but does no damage.
You closely miss the jackal.
The jackal is almost dead.
You hit the jackal.
You kill the jackal!
You hit the jackal.
You kill the jackal!
The jackal misses you. The jackal bites you.
* * * LOW HITPOINT WARNING * * *
You hit the jackal.
You kill the jackal!
You closely miss the jackal. You hit the jackal.
The jackal bites you but does no damage.
The jackal closely misses you.
The quokka twitches its whiskers.
You closely miss the quokka. You barely miss the jackal. You hit the jackal.
The jackal closely misses you. The jackal misses you.
The quokka closely misses you. The jackal barely misses you.
The jackal bites you but does no damage.
You hit the quokka but do no damage. You barely miss the jackal.
You hit the jackal but do no damage. The quokka bites you.
* * * LOW HITPOINT WARNING * * *
The jackal bites you.
* * * LOW HITPOINT WARNING * * *
The jackal barely misses you. The quokka closely misses you.
You barely miss the quokka. You barely miss the jackal.
You hit the jackal but do no damage. The jackal misses you.
The jackal bites you.
You die...

..##..........##..###.....##
..##..........###.h.#......#
#©##..............h.........
#####.........######.)...##
.#####..###...# ##......#
#©##.##.# #...####..#+#.....
<###..# #..)##g.>## ....
#.##...# ##....hrh## ..#
.#.#....##..#.##@## +# .###
#.......##†††#
.#####.#.##.##.....#
.......#. #'#.......#
##.########.##.....##
........##...##...##
..###...'.....##+## ..
#...##...## ...##....##.##


You could see a quokka, 2 jackals and a hobgoblin.

Vanquished Creatures
  A ball python (D:1)
  8 jackals (D:1)
  A kobold (D:1)
10 creatures vanquished.

Notes
Turn   | Place    | Note
-------+----------+-------------------------------------------
     0 | D:1      | Nato the Hill Orc Monk began the quest for the Orb.
     0 | D:1      | Reached XP level 1. HP: 19/19 MP: 1/1
   137 | D:1      | Reached XP level 2. HP: 15/27 MP: 2/2
   306 | D:1      | Slain by a jackal

Illustrated notes

Levels and vault maps discovered:
D:1:      spicycebolla_arrival_risky_transporter, layout_rooms,
          ebering_ecumenical_altar_petrified, nicolae_hexahallways,
          hangedman_glass_teeth, hangedman_decor_riveting,
          minmay_rat_gold_closets

Skill      XL: |  1  2 |
---------------+-------+-----
Fighting       | 4 |  4.1
Axes           | |  4.5
Dodging        | |  2.4
Stealth        | |  1.5

Action                   || total
-------------------------++-------
Melee: Hand axe          ||    31
Armor: Robe              ||    11
Dodge: Dodged            ||    53

Table legend: (Time is in decaauts)
 A = Elapsed time spent in this place.
 B = Non-inter-level travel time spent in this place.
 C = Inter-level travel time spent in this place.
 D = Time resting spent in this place.
 E = Time spent auto-exploring this place.
 F = Levels seen in this place.
 G = Mean time per level.
                   A        B        C        D        E       F      G
               +--------+--------+--------+--------+--------+-----+--------+
         Total |    308 |    306 |      2 |      0 |    238 |   1 |  308.0 |
       Dungeon |    308 |    306 |      2 |      0 |    238 |   1 |  308.0 |
               +--------+--------+--------+--------+--------+-----+--------+

Top non-repeatable levels by time:
     D:1: 308 daAuts
